 Dungeon Crawl Stone Soup version 0.29-a0-541-gaf1fc19f1b (webtiles) character file.

Game seed: 13344166952559062198

95 Flugkiller the Chopper (level 5, -5/46 HPs)
             Began as a Meteoran Chaos Knight on June 2, 2022.
             Was a Plaything of Xom.
             Slain by an orc
             ... wielding a +0 hand axe
              (6 damage)
             ... on level 3 of the Dungeon.
             The game lasted 00:02:40 (610 turns).

Flugkiller the Chopper (Meteoran Chaos Knight)       Turns: 610, Time: 00:02:40

Health: -5/46      AC:  5    Str: 15    XL:     5   Next: 19%
Magic:  6/6        EV: 13    Int: 14    God:    Xom [..*...]
Gold:   65         SH:  0    Dex: 19    Spells: 4/4 levels left

rFire   . . .      SeeInvis .   a - +0 hand axe (chaos)
rCold   . . .      Faith    .   (no shield)
rNeg    . . .      Spirit   .   b - +2 leather armour
rPois   .          Reflect  .   (no helmet)
rElec   .          Harm     .   (no cloak)
rCorr   .          Rampage  .   (no gloves)
Will    .....                   (no boots)
Stlth   +.........              (no amulet)
HPRegen 0.15/turn               p - +6 ring of dexterity
MPRegen 0.10/turn               (no ring)

@: glowing
A: sense surroundings 1, otherworldly, glowing, explore regen
a: Renounce Religion


You were on level 3 of the Dungeon.
You worshipped Xom.
You were a toy of Xom.
You visited 1 branch of the dungeon, and saw 3 of its levels.

You collected 65 gold pieces.

Inventory:

Hand Weapons
 a - a +0 hand axe of chaos (weapon)
Armour
 b - a +2 leather armour (worn)
 j - a +0 buckler
   (You found it on level 2 of the Dungeon)
Magical Staves
 l - a staff of death
   (You found it on level 2 of the Dungeon)
Jewellery
 p - a +6 ring of dexterity (left hand)
   (You found it on level 3 of the Dungeon)
Scrolls
 d - a scroll of magic mapping
 i - a scroll of fog
 k - 2 scrolls of immolation
 o - a scroll of teleportation {unknown}
Potions
 e - a potion of invisibility {unknown}
 g - 2 potions of magic
 h - a potion of heal wounds {unknown}
 m - a potion of haste {unknown}
 n - a potion of berserk rage {unknown}
Miscellaneous
 c - a piece from Xom's chessboard (15/15) (quivered)


   Skills:
 - Level 4.2 Fighting
 + Level 4.8 Axes
 - Level 2.4 Armour
 - Level 3.0 Dodging


You had 4 spell levels left.
You didn't know any spells.
Your spell library contained the following spells:

 Spells                   Type           Power      Damage    Failure   Level
 Ignite Poison            Fire/Tmut/Pois 0%         N/A       71%         3
 Mephitic Cloud           Conj/Pois/Air  0%         N/A       71%         3
 Freezing Cloud           Conj/Ice/Air   0%         6-21      100%        5


Dungeon Overview and Level Annotations

Branches:
Dungeon (3/15)

Altars:

Shops:
D:1 (


Innate Abilities, Weirdness & Mutations

You passively map a small area around you.
You are easily found by Zot.
You glow in the dark.
You regain HP and MP as you explore.


Message History

HP restored.
Your trail of clouds dissipates.
There is a stone staircase leading down here.
You climb downwards.
Found a robe.
There is a stone staircase leading up here.
A ball python comes into view.
The ball python bites you. The ball python grabs you.
The ball python constricts you. The ball python closely misses you.
The ball python constricts you.
You hit the ball python.
You kill the ball python!
No target in view!
Found a moonstone ring.
Found a stone staircase leading down.
p - a +6 ring of dexterity You feel agile.
p - a +6 ring of dexterity (left hand)
Found a scroll labelled JOTTACZUABBY.
Found a scroll of identify.
i - 2 scrolls labelled JOTTACZUABBY (gained 1)
r - a scroll of identify
As you read the scroll of identify, it crumbles to dust.
f - 2 potions of curing;
q - 2 potions of curing
As you read the scroll labelled JOTTACZUABBY, it crumbles to dust.
The scroll dissolves into smoke.
It was a scroll of fog.
Unknown command.
An orc comes into view. It is wielding a +0 hand axe.
The orc shouts!
You hear a shout!
An orc comes into view. It is wielding a +0 flail.
The orc shouts!
An orc comes into view. It is wielding a +0 hand axe.
Found a scroll labelled HODDEARHIR.
An orc priest comes into view. It is wielding a +0 mace.
The orc barely misses you.
You hit the orc. You burn the orc.
The orc is moderately wounded.
The orc misses you.
You barely miss the orc.
The orc is moderately wounded.
You barely miss the orc. The orc hits you with a +0 flail.
The orc hits you with a +0 hand axe.
You closely miss the orc.
The orc is moderately wounded.
You hit the orc but do no damage. The orc closely misses you.
The orc hits you with a +0 hand axe.
You barely miss the orc.
The orc is moderately wounded.
You hit the orc. You drain the orc. You closely miss the orc.
The orc hits you with a +0 flail! The orc misses you.
You slash the orc!
You kill the orc!
You hear a splash.
You barely miss the orc priest. You hit the orc but do no damage.
You closely miss the orc. The orc closely misses you.
The orc barely misses you.
The orc priest looks satisfied for a moment.
You barely miss the orc.
The orc is moderately wounded.
You barely miss the orc. You hit the orc priest.
The orc priest is poisoned.
The orc hits you with a +0 flail! The orc barely misses you.
The orc priest invokes the aid of Beogh against you.
Pain shoots through your body!
* * * LOW HITPOINT WARNING * * *
Unknown command.
You feel better. The orc hits you with a +0 flail!
* * * LOW HITPOINT WARNING * * *
The orc hits you with a +0 hand axe.
* * * LOW HITPOINT WARNING * * *
The orc priest hits you with a +0 mace.
* * * LOW HITPOINT WARNING * * *
Okay, then.
You feel better. The orc closely misses you. x2
The orc priest hits you with a +0 mace.
* * * LOW HITPOINT WARNING * * *
Okay, then.
Okay, then.
You hit the orc priest.
The orc priest is heavily wounded.
You hit the orc. You burn the orc. You closely miss the orc.
The orc misses you. The orc hits you with a +0 hand axe.
* * * LOW HITPOINT WARNING * * *
The orc priest closely misses you.
Unknown command.
You closely miss the orc priest.
The orc priest is severely wounded.
You hit the orc but do no damage. You hit the orc.
The orc flickers and vanishes!
Deactivating autopickup; reactivate with Ctrl-A.
Xom makes a sudden noise!
You hear strange voices.
The orc hits you with a +0 flail.
* * * LOW HITPOINT WARNING * * *
Something hits you.
* * * LOW HITPOINT WARNING * * *
The orc priest closely misses you.
Unknown command.
You closely miss the orc priest.
The orc priest is severely wounded.
You hit something.
Nothing appears to happen.
You hit the orc.
The orc is poisoned.
The orc misses you. Something hits you.
You die...

#§§§.§....+.# ,
###....§....###,
,, #P♣.........#
, ##♣≈.........#
##≈♣≈..♣♣.....#
*
#≈♣≈≈...P♣#####
♣♣≈P≈.≈≈P≈♣♣♣*
♣≈P≈...≈≈≈≈≈≈
♣≈≈≈.@)≈≈≈≈≈≈≈
♣♣≈Po{o≈P≈≈PP ,
♣≈≈P..≈≈≈≈≈≈♣ ,
♣≈≈≈...≈≈≈≈≈P
♣≈≈...≈≈P≈≈≈≈ ,
♣≈P≈..≈≈≈≈≈≈≈
#≈≈..?.≈P≈P≈. *
#.≈...≈P≈≈≈♣. ,
* , ,


You could see an orc priest (very poisoned) and an orc (very poisoned).

Vanquished Creatures
  Jessica (D:2)
  Natasha (D:2)
  2 dart slugs
  An orc (D:3)
  6 ball pythons
  6 endoplasms
  5 hobgoblins
  A kobold (D:1)
  6 bats
  2 frilled lizards (D:1)
  5 goblins
  5 rats
41 creatures vanquished.

Notes
Turn   | Place    | Note
-------+----------+-------------------------------------------
     0 | D:1      | Flugkiller the Meteoran Chaos Knight began the quest for
                  | the Orb.
     0 | D:1      | Reached XP level 1. HP: 19/19 MP: 2/2
    22 | D:1      | XOM: silly message
    30 | D:1      | XOM: butterfly on damage
    40 | D:1      | Reached XP level 2. HP: 12/26 MP: 3/3
   184 | D:2      | Noticed Jessica
   188 | D:2      | Killed Jessica
   189 | D:2      | Reached XP level 3. HP: 33/33 MP: 4/4
   238 | D:2      | Reached XP level 4. HP: 40/40 MP: 5/5
   260 | D:1      | Found a faded altar of an unknown god.
   272 | D:1      | Found Aghusumn's Antique Weapon Boutique.
   324 | D:1      | XOM: smoke on damage
   416 | D:1      | XOM: cloud trail
   440 | D:2      | XOM: potion effect (haste)
   483 | D:2      | Noticed Natasha
   498 | D:2      | Killed Natasha
   499 | D:2      | Reached XP level 5. HP: 36/46 MP: 6/6
   609 | D:3      | XOM: noise
   609 | D:3      | HP: 1/46 [something (2)]
   610 | D:3      | Slain by an orc

Illustrated notes

Levels and vault maps discovered:
D:1:      minmay_arrival_glassed_features, layout_rooms, serial_shops, shop,
          basic_ecumenical_altar
D:2:      layout_loops_ring, uniq_crazy_yiuf_cottage, uniq_natasha, uniq_jessica
D:3:      corexii_shack_village, layout_basic, serial_bayou,
          serial_bayou_pond_c, serial_bayou_ford_a, serial_bayou_lake_a,
          serial_bayou_lagoon_b, serial_bayou_pond_d, st_stairs_6, uniq_grinder

Skill      XL: |  1  2  3  4 |
---------------+-------------+-----
Dodging        | 2 3 |  3.0
Fighting       | 4 |  4.2
Axes           | 4 |  4.8
Armour         | |  2.4

Action                   |  1- 3 |  4- 6 || total
-------------------------+-------+-------++-------
Melee: Hand axe          |    32 |    61 ||    93
       Punch             |       |     2 ||     2
  Use: Scroll            |     1 |     4 ||     5
       Potion            |       |     2 ||     2
 Stab: Paralysed         |     1 |       ||     1
Armor: Leather armour    |    17 |    15 ||    32
Dodge: Dodged            |    21 |    42 ||    63

Table legend: (Time is in decaauts)
 A = Elapsed time spent in this place.
 B = Non-inter-level travel time spent in this place.
 C = Inter-level travel time spent in this place.
 D = Time resting spent in this place.
 E = Time spent auto-exploring this place.
 F = Levels seen in this place.
 G = Mean time per level.
                   A        B        C        D        E       F      G
               +--------+--------+--------+--------+--------+-----+--------+
         Total |    597 |    541 |     56 |      0 |      0 |   3 |  199.0 |
       Dungeon |    597 |    541 |     56 |      0 |      0 |   3 |  199.0 |
               +--------+--------+--------+--------+--------+-----+--------+

Top non-repeatable levels by time:
     D:1: 316 daAuts
     D:2: 230 daAuts
     D:3: 50 daAuts
